 Dungeon Crawl Stone Soup version 0.21.0-25-ge575cb9ce8 (webtiles) character file.

19592 DildoBatman the Bewitcher (level 13, 0/97 (98) HPs)
             Began as a Formicid Enchanter on Jan 24, 2018.
             Was a High Priest of Sif Muna.
             Slain by a meliai
             ... wielding a +0 war axe
              (4 damage)
             ... on level 14 of the Dungeon.
             The game lasted 01:32:57 (21355 turns).

DildoBatman the Bewitcher (Formicid Enchanter)     Turns: 21355, Time: 01:32:57

HP:   0/97 (98)     AC:  6    Str: 17    XL:     13   Next: 5%
MP:   26/33         EV: 13    Int: 16    God:    Sif Muna [*****.]
Gold: 1143          SH:  0    Dex: 11    Spells: 10/27 levels left

rFire    . . .     SeeInvis +   a - +0 halberd (venom)
rCold    . . .     Gourm    .   (no shield)
rNeg     . . .     Faith    .   o - +0 troll leather armour
rPois    .         Spirit   .   (helmet unavailable)
rElec    .         Reflect  .   (no cloak)
rCorr    .         Harm     .   q - +0 pair of gloves
MR       ++...                  (no boots)
Stlth    +++.......             m - amulet of magic regeneration
HPRegen  1.66/turn              C - ring of magical power
MPRegen  0.48/turn              t - ring of protection from magic

@: lethally poisoned (0 -> 0), regenerating
A: permanent stasis, dig shafts and tunnels, four strong arms, antennae 3
a: Dig, Shaft Self, Divine Energy, Channel Magic, Forget Spell, Renounce
Religion


You were on level 14 of the Dungeon.
You worshipped Sif Muna.
Sif Muna was extremely pleased with you.
You were hungry.

You visited 2 branches of the dungeon, and saw 14 of its levels.

You collected 1318 gold pieces.
You spent 175 gold pieces at shops.

Inventory:

Hand Weapons
 a - a +0 halberd of venom (weapon)
 b - a +2 whip of electrocution
 c - a +2 mace of holy wrath
 d - a +1 halberd of flaming
 e - a +5 great sword
 f - the +2 hunting sling of Jorit {freeze, Str+4}
   (You found it on level 10 of the Dungeon)

   It causes projectiles fired from it to freeze those they strike, causing
   extra injury to most foes and up to half again as much damage against
   particularly susceptible opponents.
   They can also slow down cold-blooded creatures.
   It affects your strength (+4).
Armour
 o - a +0 troll leather armour (worn)
 q - a +0 pair of gloves (worn)
 K - a +2 robe of fire resistance
Jewellery
 m - an amulet of magic regeneration (around neck)
 t - a ring of protection from magic (right hand)
 C - a ring of magical power (left hand)
 J - an uncursed ring of protection from cold
Wands
 k - a wand of flame (15)
 E - a wand of enslavement (6)
 M - a wand of acid (10)
Scrolls
 u - a scroll of amnesia
 w - a scroll of enchant armour {unknown}
 x - 3 scrolls of remove curse
 y - a scroll of holy word {unknown}
 z - 5 scrolls of identify
 D - a scroll of magic mapping {unknown}
 I - a scroll of noise {unknown}
 L - a scroll of silence {unknown}
Potions
 g - 10 potions of curing
 h - 2 potions of mutation
 l - a potion of ambrosia {unknown}
 p - a potion of invisibility {unknown}
 r - a potion of degeneration {unknown}
 s - a potion of might
 B - a potion of berserk rage {unknown}
 G - a potion of agility {unknown}
Books
 n - a book of Necromancy

   Spells                             Type                      Level
   a - Pain                           Necromancy                   1
   b - Animate Skeleton               Necromancy                   1
   c - Vampiric Draining              Necromancy                   3
   d - Regeneration                   Charms/Necromancy            3
   e - Animate Dead                   Necromancy                   4
   f - Borgnjor's Vile Clutch         Necromancy/Earth             5
 A - Sif Muna's Compendium of Execration and Summoning
   (Sif Muna gifted it to you on level 11 of the Dungeon)

   Spells                             Type                      Level
   a - Slow                           Hexes                        2
   b - Call Imp                       Summoning                    2
   c - Portal Projectile              Hexes/Translocation          3
   d - Leda's Liquefaction            Hexes/Earth                  4
   e - Discord                        Hexes                        8
 F - a book of Party Tricks

   Spells                             Type                      Level
   a - Summon Butterflies             Summoning                    1
   b - Apportation                    Translocation                1
   c - Lesser Beckoning               Translocation                3
   d - Tukima's Dance                 Hexes                        3
   e - Alistair's Intoxication        Transmutation/Poison         5
   f - Invisibility                   Hexes                        6
Miscellaneous
 H - a fan of gales
Comestibles
 j - 2 chunks of flesh
 v - 20 rations


   Skills:
 - Level 8.0 Fighting
   Level 1.0 Short Blades
 - Level 6.0 Armour
 - Level 5.0 Dodging
 * Level 7.9 Stealth
 * Level 7.9 Spellcasting
 - Level 16.1 Hexes
 - Level 4.0 Charms
 - Level 4.0 Necromancy


You had 10 spell levels left.
You knew the following spells:

 Your Spells              Type           Power        Failure   Level  Hunger
a - Slow                  Hex            ######..     1%          2    None
b - Confuse               Hex            ######..     1%          3    ##.....
d - Regeneration          Chrm/Necr      ###.......   8%          3    ##.....
g - Corona                Hex            ######.      1%          1    None
i - Invisibility          Hex            ######..     2%          6    #######
z - Sublimation of Blood  Necr           ###.......   3%          2    None


Dungeon Overview and Level Annotations

Branches:
Dungeon (12/15)            Temple (0/1) D:4            Lair (1/6) D:8
    Orc: D:9-12

Altars:
Ashenzari
Dithmenos
Fedhas
Gozag
Hepliaklqana
Kikubaaqudgha
Nemelex Xobeh
Okawaru
Ru
Sif Muna
Trog
Uskayaw
Wu Jian
Yredelemnul

Shops:
D:8 *

Portals:
Ice
Cave: D:14

Annotations:
D:4 tensugalgo's ghost, amateur NaTm
Lair:1 exclusions: hydra and 2 sensed monsters (detected)


Innate Abilities, Weirdness & Mutations

You cannot be hasted, slowed, berserked, paralysed or teleported.
You can dig through walls and to a lower floor.
Your four strong arms can wield two-handed weapons with a shield.
You have a pair of large antennae on your head. (SInv)


Message History

The meliai hits you with a war axe! The meliai stings you!
Casting: Regeneration
Confirm with . or Enter, or press ? or * to list all spells.
Aiming: Confuse
Press: ? - help, Shift-Dir - straight line, f - meliai
Aim: a meliai, wielding a war axe and wearing a robe (moderately wounded, slow, chance to defeat MR: 74%)
The meliai struggles to resist.
You feel sick. The meliai hits you with a war axe. The meliai stings you.
Casting: Confuse
Confirm with . or Enter, or press ? or * to list all spells.
Aiming: Confuse
Press: ? - help, Shift-Dir - straight line, f/p - meliai
Aim: a meliai, wielding a war axe and wearing a robe (moderately wounded, slow, chance to defeat MR: 74%)
The meliai appears confused.
You feel sick. The meliai hits you with a war axe.
You die...

.. ...###### ..#....#
.'....# #....# ###....#
#.###y#....# ###
#.##@#....)# ...#
#.#####...{#
#.###.#..)((...# ...
#.....#.##.......# ..
#.....#.##.....#.....
..##'###.#.##.....yy....
#.#........##...#.∩.#...
#.#.?.##...####.........
#.#...##...# ###.#.....


You could see a meliai (confused).

Vanquished Creatures
  6 two-headed ogres
  An unseen horror (D:14)
  A fire crab (D:7)
  A wizard (D:14)
  A deep elf mage (D:11)
  A manticore (D:7)
  4 cyclopes (D:11)
  A spiny frog (Lair:1)
  A komodo dragon (Lair:1)
  An efreet (D:14)
  A meliai (D:14)
  2 trolls
  A hornet (D:10)
  5 blink frogs (Lair:1)
  4 hippogriffs
  2 wyverns (D:9)
  3 hogs (D:10)
  A wraith (D:10)
  A human (D:10)
  2 yaks
  A hungry ghost (D:11)
  Grum (D:8)
  3 water moccasins
  2 porcupines (D:8)
  3 ice beasts
  2 phantoms
  4 sky beasts
  3 orc warriors
  3 black bears
  An eye of draining (D:10)
  4 ogres
  A necrophage (D:7)
  4 wolves (D:8)
  6 centaurs
  4 crocodiles
  5 bullfrogs
  5 big kobolds
  2 scorpions
  19 wights
  16 killer bees
  3 crimson imps
  A jelly (D:5)
  2 centaur zombies
  An orc priest (D:6)
  2 gnoll shamans
  2 bullfrog skeletons
  8 hounds
  4 orc wizards
  2 centaur skeletons
  Jessica (D:2)
  6 iguanas
  Ijyb (D:4)
  11 worker ants
  Natasha (thrice) (D:3)
  A hound skeleton (D:6)
  A howler monkey zombie (D:10)
  10 gnolls
  10 adders
  A shadow imp (D:5)
  An ooze (D:3)
  An adder skeleton (D:5)
  2 worms (D:2)
  A dart slug (D:1)
  5 leopard geckos
  28 orcs
  8 bats
  11 giant cockroaches
  3 goblins
  8 hobgoblins
  19 jackals
  4 quokkas
  14 frilled lizards
  41 kobolds
  A leopard gecko skeleton (D:4)
  A quokka skeleton (D:7)
  10 rats
  2 fungi
  2 plants
361 creatures vanquished.

Vanquished Creatures (collateral kills)
  A killer bee (D:10)
1 creature vanquished.

Vanquished Creatures (others)
  A wight (D:14)
  2 fungi (Lair:1)
  2 plants
5 creatures vanquished.

Grand Total: 367 creatures vanquished

Notes
Turn   | Place    | Note
-------+----------+-------------------------------------------
     0 | D:1      | DildoBatman the Formicid Enchanter began the quest for the Orb.
     0 | D:1      | Reached XP level 1. HP: 13/13 MP: 3/3
   279 | D:1      | Reached skill level 1 in Fighting
   389 | D:1      | Reached XP level 2. HP: 20/22 MP: 5/5
   864 | D:1      | Reached XP level 3. HP: 22/28 MP: 6/6
   869 | D:1      | Learned a level 3 spell: Confuse
  1599 | D:2      | Found a hide-covered altar of Uskayaw.
  1600 | D:2      | Found a shadowy altar of Dithmenos.
  1603 | D:2      | Found a deep blue altar of Sif Muna.
  1603 | D:2      | Found a shattered altar of Ashenzari.
  1614 | D:2      | Became a worshipper of Sif Muna the Loreminder
  1713 | D:2      | Reached XP level 4. HP: 20/35 MP: 3/7
  1935 | D:2      | Found a basalt altar of Yredelemnul.
  2098 | D:2      | Reached skill level 1 in Armour
  2098 | D:2      | Reached skill level 4 in Hexes
  2347 | D:2      | Found a hazy altar of Hepliaklqana.
  2735 | D:2      | Noticed Jessica
  3029 | D:2      | Killed Jessica
  3029 | D:2      | Reached XP level 5. HP: 26/41 MP: 5/8
  3051 | D:2      | Identified Jessica's Volume of Evil Secrets
  3056 | D:2      | Learned a level 2 spell: Sublimation of Blood
  3287 | D:3      | Reached skill level 5 in Hexes
  3722 | D:3      | Noticed Natasha
  3771 | D:3      | Found a bloodstained altar of Trog.
  4024 | D:3      | Found a blossoming altar of Fedhas.
  4399 | D:3      | Killed Natasha
  4399 | D:3      | Reached XP level 6. HP: 28/47 MP: 2/9
  4544 | D:3      | Noticed Natasha
  4564 | D:3      | Killed Natasha
  4633 | D:3      | Noticed Natasha
  4648 | D:3      | Killed Natasha
  4648 | D:3      | Reached skill level 6 in Hexes
  4814 | D:4      | Noticed Ijyb
  4984 | D:4      | HP: 1/47 [Ijyb/wand of flame (22) (8)]
  5288 | D:4      | Killed Ijyb
  5316 | D:4      | Noticed tensugalgo's ghost (amateur NaTm)
  5818 | D:4      | Reached * piety under Sif Muna
  5818 | D:4      | Reached skill level 7 in Hexes
  5946 | D:4      | Reached XP level 7. HP: 40/52 MP: 10/10
  6888 | D:4      | Found a staircase to the Ecumenical Temple.
  6910 | D:5      | Entered Level 5 of the Dungeon
  7729 | D:5      | Reached XP level 8. HP: 60/60 MP: 12/12
  8814 | D:6      | Noticed a hippogriff
  9054 | D:6      | Killed a hippogriff
  9054 | D:6      | Reached skill level 8 in Hexes
 10048 | D:7      | Found a sacrificial altar of Ru.
 10057 | D:7      | Found an ornate altar of the Wu Jian Council.
 10318 | D:7      | Reached skill level 5 in Fighting
 10318 | D:7      | Reached skill level 9 in Hexes
 10318 | D:7      | Reached XP level 9. HP: 58/67 MP: 8/15
 10403 | D:7      | Noticed a fire crab
 10406 | D:7      | Reached ** piety under Sif Muna
 11172 | D:7      | Reached skill level 10 in Hexes
 11254 | D:7      | Noticed a freezing wraith
 11484 | D:7      | Noticed a manticore
 11628 | D:7      | Noticed a hippogriff
 11709 | D:7      | Killed a hippogriff
 12050 | D:7      | Killed a manticore
 12050 | D:7      | Reached skill level 5 in Stealth
 12322 | D:7      | Reached skill level 11 in Hexes
 12368 | D:8      | Noticed a two-headed ogre
 12484 | D:8      | Reached XP level 10. HP: 68/78 MP: 16/16
 12644 | D:8      | Reached *** piety under Sif Muna
 13191 | D:8      | Reached skill level 12 in Hexes
 13572 | D:8      | Found an ancient bone altar of Kikubaaqudgha.
 13627 | D:8      | Found Muares's Assorted Antiques.
 13691 | D:8      | Bought a scroll labeled TATEOR JESIYK for 25 gold pieces
 13691 | D:8      | Bought a scroll labeled LIKONY OROLAROW for 25 gold pieces
 13691 | D:8      | Bought a glowing pearl amulet for 125 gold pieces
 13812 | D:8      | Found a staircase to the Lair.
 14045 | D:8      | Found a sparkling altar of Nemelex Xobeh.
 14193 | D:8      | Found an iron altar of Okawaru.
 14362 | D:7      | Killed a fire crab
 14362 | D:7      | Reached skill level 5 in Armour
 14589 | D:8      | Killed a two-headed ogre
 14589 | D:8      | Reached skill level 5 in Spellcasting
 14759 | Lair:1   | Entered Level 1 of the Lair of Beasts
 14994 | Lair:1   | Reached XP level 11. HP: 83/83 MP: 19/19
 15076 | Lair:1   | Reached **** piety under Sif Muna
 15127 | Lair:1   | Reached skill level 13 in Hexes
 15930 | Lair:1   | Reached skill level 14 in Hexes
 16389 | Lair:1   | Noticed a four-headed hydra
 16800 | D:9      | Noticed Grum
 17040 | D:8      | Killed Grum
 17369 | D:9      | Reached ***** piety under Sif Muna
 17369 | D:9      | Received a gift from Sif Muna
 17382 | D:9      | Learned a level 6 spell: Invisibility
 18306 | D:9      | Reached skill level 15 in Hexes
 18477 | D:10     | Entered Level 10 of the Dungeon
 18792 | D:10     | Learned a level 3 spell: Regeneration
 18867 | D:10     | Reached skill level 1 in Charms
 18867 | D:10     | Reached skill level 1 in Necromancy
 18958 | D:10     | Noticed a two-headed ogre
 18974 | D:10     | Killed a two-headed ogre
 19124 | D:10     | Reached XP level 12. HP: 51/90 MP: 22/22
 19283 | D:10     | Found an opulent altar of Gozag.
 19301 | D:10     | Noticed a two-headed ogre
 19315 | D:10     | Killed a two-headed ogre
 19924 | D:10     | Got a bloodstained hunting sling
 19933 | D:10     | Identified the +2 hunting sling of Jorit {freeze, Str+4} (You found it on level 10 of the Dungeon)
 20166 | D:11     | Noticed a two-headed ogre
 20180 | D:11     | Killed a two-headed ogre
 20180 | D:11     | Reached skill level 16 in Hexes
 20328 | D:11     | Noticed a two-headed ogre
 20347 | D:11     | Killed a two-headed ogre
 20581 | D:11     | Identified Sif Muna's Compendium of Execration and Summoning (Sif Muna gifted it to you on level 11 of the Dungeon)
 20581 | D:11     | Received a gift from Sif Muna
 20588 | D:11     | Learned a level 2 spell: Slow
 21149 | D:12     | You fall through a shaft for 2 floors!
 21206 | D:14     | Noticed a two-headed ogre
 21218 | D:14     | Noticed an unseen horror
 21258 | D:14     | Killed an unseen horror
 21258 | D:14     | Reached skill level 5 in Dodging
 21283 | D:14     | Killed a two-headed ogre
 21286 | D:14     | Reached XP level 13. HP: 80/97 MP: 24/24
 21312 | D:14     | Found a frozen archway.
 21354 | D:14     | HP: 3/97 [meliai/war axe (6)]
 21355 | D:14     | Slain by a meliai

Skill      XL: |  1  2  3  4  5  6  7  8  9 10 11 12 13 |
---------------+----------------------------------------+-----
Fighting       | 1 2 3 5 7 8 |  8.0
Dodging        | 2 3 4 5 |  5.0
Stealth        | 4 5 6 7 |  7.9
Armour         | 2 3 4 5 6 |  6.0
Hexes          | 4 5 7 9 11 12 15 16 | 16.1
Spellcasting   | 3 4 5 6 7 |  7.9
Charms         | 2 4 |  4.0
Necromancy     | 2 4 |  4.0
Short Blades   | |  1.0

Action                   |  1- 3 |  4- 6 |  7- 9 | 10-12 | 13-15 || total
-------------------------+-------+-------+-------+-------+-------++-------
Melee: Dagger            |   134 |   197 |   167 |       |       ||   498
       Short sword       |       |    15 |       |       |       ||    15
       Spear             |       |    19 |       |       |       ||    19
       Flail             |       |    78 |   274 |    16 |       ||   368
       Whip              |       |       |   171 |   108 |       ||   279
       Halberd           |       |       |       |   440 |    16 ||   456
       Mace              |       |       |       |   116 |       ||   116
 Cast: Corona            |    19 |    51 |    66 |   106 |       ||   242
       Confuse           |     1 |    34 |   100 |   209 |     7 ||   351
       Regeneration      |       |       |       |    12 |     1 ||    13
       Slow              |       |       |       |     8 |     1 ||     9
 Abil: Dig               |     2 |     6 |    26 |    11 |     1 ||    46
Evoke: Wand              |       |     1 |       |       |       ||     1
  Use: Potion            |       |     1 |       |       |       ||     1
       Scroll            |       |       |       |     9 |       ||     9
 Stab: Sleeping          |     7 |     7 |     3 |     7 |     1 ||    25
       Confused          |       |    16 |    41 |    66 |     2 ||   125
  Eat: Chunk             |     3 |    16 |    21 |    49 |     1 ||    90
       Ration            |       |     1 |     4 |     1 |       ||     6
Armor: Leather armour    |    44 |    33 |       |       |       ||    77
       Ring mail         |       |    32 |   199 |       |       ||   231
       Robe              |       |       |       |    50 |       ||    50
       Troll leather arm |       |       |       |    12 |     6 ||    18
Dodge: Dodged            |    83 |   187 |   324 |   290 |    12 ||   896
